 Dungeon Crawl Stone Soup version 0.32-a0-768-g0f6f1dd4b9 (webtiles) character file.

Game seed: 1159897546647981348

6 mdonais the Sneak (level 1, 0/20 HPs)
             Began as a Gnoll Brigand on Mar 19, 2024.
             Constricted to death by a ball python (2 damage)
             ... on level 1 of the Dungeon.
             The game lasted 00:00:30 (149 turns).

mdonais the Sneak (Gnoll Brigand)                    Turns: 149, Time: 00:00:30

Health: 0/20       AC:  3    Str: 10    XL:     1   Next: 90%
Magic:  1/1        EV:  1    Int: 10    God:
Gold:   22         SH:  0    Dex: 13    Spells: 0/0 levels left

rFire   . . .        a - +2 dagger
rCold   . . .        (no shield)
rNeg    . . .        b - +0 robe
rPois   .            (helmet restricted)
rElec   .            c - +0 cloak
rCorr   .            (no gloves)
SInv    .            (no boots)
Will    .....        (no amulet)
Stlth   ++++         (no ring)
HPRegen 0.23/turn    (no ring)
MPRegen 0.07/turn

%: no passive effects
@: constricted
A: fangs 1, strong nose, distributed training, horns 1, inability to drink after
injury 2
a: no special abilities


You were on level 1 of the Dungeon.
You visited 1 branch of the dungeon, and saw 1 of its levels.

You collected 22 gold pieces.

Inventory:

Hand Weapons
 a - a +2 dagger (weapon)
Missiles
 d - 9 poisoned darts (quivered)
 F - 3 curare-tipped darts
Armour
 b - a +0 robe (worn)
 c - a +0 cloak (worn)


   Skills:
 + Level 4.4 Fighting
 + Level 4.4 Short Blades
 + Level 0.2 Long Blades
 + Level 0.2 Axes
 + Level 0.2 Maces & Flails
 + Level 0.2 Polearms
 + Level 0.2 Staves
 + Level 0.2 Ranged Weapons
 + Level 4.4 Throwing
 + Level 0.2 Armour
 + Level 2.4 Dodging
 + Level 7.7 Stealth
 + Level 0.2 Shields
 + Level 0.2 Unarmed Combat
 + Level 0.2 Spellcasting
 + Level 0.1 Conjurations
 + Level 0.1 Hexes
 + Level 0.1 Summonings
 + Level 0.1 Necromancy
 + Level 0.1 Translocations
 + Level 0.1 Fire Magic
 + Level 0.1 Ice Magic
 + Level 0.1 Air Magic
 + Level 0.1 Earth Magic
 + Level 0.1 Alchemy
 + Level 0.3 Invocations
 + Level 0.2 Evocations
 + Level 0.2 Shapeshifting


You couldn't memorise any spells.
You didn't know any spells.
Your spell library was empty.

Dungeon Overview and Level Annotations

Branches:
Dungeon (1/15) Zot: 5855

Altars:


Innate Abilities, Weirdness & Mutations

You have very sharp teeth.
Your uncanny sense of smell can sniff out nearby items.
Your experience applies equally to all skills.
You have a pair of small horns on your head.
You sometimes lose the ability to drink potions when taking damage.


Message History

Welcome, mdonais the Gnoll Brigand.
The Orb of Zot is coveted for many reasons.
Will you seize it for your own?
Press ? for a list of commands and other information.
Found 17 gold pieces and a dagger.
Found a staircase leading out of the dungeon.
You now have 12 gold pieces.
You now have 17 gold pieces (gained 5).
e - a scroll labelled JANEUBBOMM A frilled lizard comes into view.
Found a sedimented red potion.
A bat comes into view.
The frilled lizard hisses angrily.
You hit the frilled lizard.
You kill the frilled lizard!
You hit the bat but do no damage. The bat closely misses you.
You closely miss the bat. The bat hits you.
You take 1 damage, and have 19/20 hp.
The bat barely misses you.
Health restored: 20 You hit the bat.
You kill the bat!
No target in view!
No target in view!
f - a sedimented red potion You see here a bat corpse.
You now have 22 gold pieces (gained 5).
A goblin comes into view. It is wielding a +0 dagger.
The helpless goblin fails to defend itself.
You perforate the goblin like a sieve!!!
You kill the goblin!
No target in view!
No target in view!
No target in view!
No target in view!
No target in view!
No target in view!
Things that are here:
a +0 dagger; a goblin corpse A frilled lizard comes into view.
A frilled lizard is nearby!
Found a stone staircase leading down.
You hit the frilled lizard.
The frilled lizard is heavily wounded.
The frilled lizard bites you but does no damage.
You barely miss the frilled lizard.
The frilled lizard is heavily wounded.
The frilled lizard bites you but does no damage.
You barely miss the frilled lizard. Your bite misses the frilled lizard.
The frilled lizard misses you.
You closely miss the frilled lizard. The frilled lizard barely misses you.
You hit the frilled lizard but do no damage.
You closely miss the frilled lizard. The frilled lizard misses you.
You hit the frilled lizard.
You kill the frilled lizard!
No target in view!
No target in view!
No target in view!
No target in view!
No target in view!
An endoplasm comes into view.
An endoplasm is nearby!
Found a ring mail and 8 gold pieces.
A kobold comes into view. It is wielding a +0 club.
A kobold and an endoplasm come into view.
Found a club.
Found 3 stones.
The helpless endoplasm fails to defend itself.
You perforate the endoplasm like a sieve!!!
You kill the endoplasm!
The kobold shouts! x2
The endoplasm quivers.
A ball python comes into view.
The ball python hisses angrily.
You barely miss the kobold. The kobold hits you but does no damage.
You hit the kobold.
The kobold is heavily wounded.
You hit the kobold.
You kill the kobold!
The kobold hits you with a +0 club.
You take 1 damage, and have 19/20 hp.
You hit the endoplasm.
The endoplasm is lightly wounded.
The kobold hits you with a +0 club. The endoplasm hits you.
The ball python barely misses you. The ball python closely misses you.
You take 4 damage, and have 15/20 hp.
You barely miss the endoplasm.
The endoplasm is lightly wounded.
The ball python bites you but does no damage.
The kobold barely misses you.
The endoplasm hits you but does no damage.
You barely miss the endoplasm.
The endoplasm is lightly wounded.
The ball python bites you. The ball python barely misses you.
You take 2 damage, and have 13/20 hp.
You barely miss the endoplasm.
The endoplasm is lightly wounded.
The kobold barely misses you. The endoplasm freezes you.
You are frozen.
The ball python closely misses you. The ball python misses you.
You take 2 damage, and have 11/20 hp.
You hit the endoplasm but do no damage.
The endoplasm is lightly wounded.
The kobold closely misses you. The endoplasm closely misses you.
The ball python bites you but does no damage.
The ball python barely misses you.
You barely miss the endoplasm.
The endoplasm is lightly wounded.
The kobold closely misses you. The endoplasm freezes you.
You are frozen.
The ball python bites you. The ball python closely misses you.
You take 3 damage, and have 8/20 hp.
You closely miss the kobold. Your bite misses the kobold.
The kobold misses you. The ball python closely misses you.
The ball python barely misses you. The endoplasm freezes you.
You are frozen.
* * * LOW HITPOINT WARNING * * *
You take 2 damage, and have 6/20 hp.
You hit the kobold.
The kobold is heavily wounded.
The ball python bites you.
* * * LOW HITPOINT WARNING * * *
The ball python grabs you. The ball python constricts you.
You take 2 damage, and have 4/20 hp.
It was a potion of mutation.
You feel extremely strange.
You occasionally lose the ability to drink potions when taking damage.
You lose the ability to drink potions when taking damage more often.
A pair of horns grows on your head! The kobold barely misses you.
The endoplasm barely misses you.
The ball python bites you but does no damage.
The ball python constricts you.
* * * LOW HITPOINT WARNING * * *
As you read the scroll labelled JANEUBBOMM, it dissolves into smoke.
It was a scroll of fog.
The kobold hits you with a +0 club.
* * * LOW HITPOINT WARNING * * *
The endoplasm hits you but does no damage.
The ball python bites you but does no damage.
The ball python constricts you.
You die...

#......#########.[.).
####.#...............
#....#............
####.#...........
#.#........#
########.#........#
.........#....§...#
#.########....§§§§#
#.# #.....§@S# #.#
#....§§JK$..... #.#
########§...... #.#
....... #.# .......
#.# ....... #.#
.....(. #.# .......
#.#


You could see an endoplasm, a ball python and a kobold.

Vanquished Creatures
  An endoplasm (D:1)
  A goblin (D:1)
  A kobold (D:1)
  A bat (D:1)
  2 frilled lizards (D:1)
6 creatures vanquished.

Notes
Turn   | Place    | Note
-------+----------+-------------------------------------------
     0 | D:1      | mdonais the Gnoll Brigand began the quest for the Orb.
     0 | D:1      | Reached XP level 1. HP: 20/20 MP: 1/1
   148 | D:1      | Gained mutation: You occasionally lose the ability to drink
                  | potions when taking damage. [potion of mutation]
   148 | D:1      | Gained mutation: You sometimes lose the ability to drink
                  | potions when taking damage. [potion of mutation]
   148 | D:1      | Gained mutation: You have a pair of small horns on your
                  | head. [potion of mutation]
   149 | D:1      | Constricted to death by a ball python

Illustrated notes

Levels and vault maps discovered:
D:1:      psy_arrival_heroes, layout_basic

Action                     || total
---------------------------++-------
  Melee: Dagger            ||    24
    Use: Scroll            ||     1
         Potion            ||     1
   Stab: Sleeping          ||     2
 Armour: Robe              ||    20
  Dodge: Dodged            ||    22

Table legend: (Time is in decaauts)
 A = Elapsed time spent in this place.
 B = Non-inter-level travel time spent in this place.
 C = Inter-level travel time spent in this place.
 D = Time resting spent in this place.
 E = Time spent auto-exploring this place.
 F = Levels seen in this place.
 G = Mean time per level.
                   A        B        C        D        E       F      G
               +--------+--------+--------+--------+--------+-----+--------+
         Total |    143 |    143 |      0 |      0 |     98 |   1 |  143.0 |
       Dungeon |    143 |    143 |      0 |      0 |     98 |   1 |  143.0 |
               +--------+--------+--------+--------+--------+-----+--------+

Top non-repeatable levels by time:
     D:1: 143 daAuts
